Cogmind - Beta 14 *** ADVENTURER MODE // 2024.08.11 @ 20:18:48 Player: LegoMDS Result: Destroyed by S-27 Virus with Autogun Performance ------------- Evolutions (3) 1500 Regions Visited (8) 1600 Robots Destroyed (55) 275 Value Destroyed (1780) 1780 Prototype IDs (26) 520 Alien Tech Used (0) 0 Bonus (300) 300 TOTAL SCORE: 5975 Bonus ------- Aligned with FarCom 300 Cogmind --------- Core Integrity 0/700 Matter 300/300 Energy 19/100 System Corruption 5% Temperature Cool (0) Movement Core (50) Location -7/Lower Caves Parts ------- > --- POWER (2) -------- (None) > --- PROPULSION (5) --- (None) > --- UTILITY (4) ------ (None) > --- WEAPON (2) ------- (None) > --- INVENTORY (5) ---- Axe Peak State ------------ > --- POWER ------------ Cooled Ion Engine Light Angular Momentum Engine > --- PROPULSION ------- Cesium-ion Thruster Flying Fortress v7 > --- UTILITY ---------- Improved Heat Sink Small Storage Unit Advanced ECM Suite Hacking Suite > --- WEAPON ----------- Enhanced Autogun Advanced Assault Cannon > --- INVENTORY -------- Surge Thruster Targeting Computer Recoil Stabilizer Matter Filter Hacking Suite System Restoration Module Grenade Launcher Great Axe [Rating: 64] Favorites ----------- Power Light Angular Momentum Engine Engine Light Angular Momentum Engine Power Core Light Nuclear Core Propulsion Aluminum Leg Leg Aluminum Leg Flight Unit Flying Fortress v7 Utility Small Storage Unit Device ECM Suite Storage Small Storage Unit Processor Targeting Computer Hackware Hacking Suite Protection Improved Light Armor Plating Weapon Light Cannon Energy Gun Medium Laser Energy Cannon Ion Cannon Ballistic Gun Assault Rifle Ballistic Cannon Light Cannon Slashing Weapon Great Axe Build | -11 -10 -10 -10 -9 -8 -7 -7 -7 ------- Run | Yrd Mat Min Exi Min Mat Fac Low Low Slots Evolved 6 | . . . . . 4 2 . . Power 1 | . . . . . 1 . . . Propulsion 3 | . . . . . 2 1 . . Utility 2 | . . . . . 1 1 . . Weapon . | . . . . . . . . . Parts Attached 50 | 6 5 4 3 . 13 3 3 13 Power 12 | 1 1 2 . . 5 . 1 2 Engine 7 | 1 . 1 . . 2 . 1 2 Core 5 | . 1 1 . . 3 . . . Reactor . | . . . . . . . . . Propulsion 9 | 2 . 2 1 . 1 1 . 2 Treads . | . . . . . . . . . Leg 6 | 2 . 2 1 . . . . 1 Wheel . | . . . . . . . . . Hover . | . . . . . . . . . Flight 3 | . . . . . 1 1 . 1 Utility 15 | 1 2 . . . 2 1 2 7 Device 10 | . 2 . . . 2 . 2 4 Storage 1 | 1 . . . . . . . . Processor 1 | . . . . . . . . 1 Hackware 2 | . . . . . . 1 . 1 Protection 1 | . . . . . . . . 1 Artifact . | . . . . . . . . . Weapon 14 | 2 2 . 2 . 5 1 . 2 Energy Gun 3 | 1 1 . . . 1 . . . Energy Cannon 1 | . . . . . 1 . . . Ballistic Gun 5 | 1 . . 1 . 3 . . . Ballistic Cannon 3 | . 1 . 1 . . 1 . . Launcher . | . . . . . . . . . Special Weapon . | . . . . . . . . . Impact Weapon . | . . . . . . . . . Slashing Weapon 2 | . . . . . . . . 2 Piercing Weapon . | . . . . . . . . . Special Melee Weapon . | . . . . . . . . . Unidentified Prototypes 3 | . . . . . 3 . . . Parts Lost 20 | . . . . . . . . 20 Power 4 | . . . . . . . . 4 Propulsion 4 | . . . . . . . . 4 Utility 9 | . . . . . . . . 9 Weapon 3 | . . . . . . . . 3 Highest Loss Streak 12 | . . . . . . . . 12 To Critical Strikes 1 | . . . . . . . . 1 Average Slot Usage (%) 87 | . 98 100 100 100 70 76 76 60 Engine 10 | . 8 4 14 14 10 15 15 10 Core 4 | . 5 9 . . 7 . . . Leg 16 | . 28 28 28 28 . . . 1 Flight 4 | . . . . . 8 15 15 9 Device 14 | . 12 14 14 14 17 15 15 9 Storage 11 | . 14 14 14 14 9 7 7 6 Hackware 1 | . . . . . . 7 7 4 Energy Gun 7 | . 14 14 4 . 4 . . . Ballistic Gun 5 | . 5 . 9 14 8 9 7 4 Ballistic Cannon 9 | . 9 14 14 14 4 4 7 4 Peak Build Rating 64 | 6 10 14 17 17 53 61 64 64 Average Rating 28 | 3 8 11 15 17 49 59 62 43 On Entrance 26 | . 6 10 14 17 17 53 61 64 Naked Turns 2 | . . . . . . . . 2 Heaviest Build 35 | 11 17 21 21 21 31 34 35 35 Greatest Support 55 | 20 20 25 25 25 50 55 55 55 Greatest Overweight (x) 9 | . . 1 . . . . . 9 Average Overweight (x) . | . . . . . . . . . Largest Inventory Capacity 8 | 8 8 8 8 8 8 8 8 8 Average Capacity 7 | 7 8 8 8 8 8 8 8 7 Most Carried 8 | 3 8 8 8 8 8 8 8 8 Average Carried 7 | 1 6 7 7 8 7 7 8 5 Final Capacity 8 | 8 8 8 8 8 8 8 8 5 Final Carried 8 | 2 8 8 8 8 8 8 8 1 Class Distribution -------------------- 67% | Mutant 20% | Hacker-Mutant 7% | Scavenger-Mutant 4% | Infiltrator-Mutant Dominant Class ---------------- Mutant | -10/Materials Mutant | -10/Mines Mutant | -10/Exiles Mutant | -9/Mines Scavenger-Mutant | -8/Materials Hacker-Mutant | -7/Factory Hacker-Mutant | -7/Lower Caves Hacker-Mutant | -7/Lower Caves Resources | -11 -10 -10 -10 -9 -8 -7 -7 -7 ----------- Run | Yrd Mat Min Exi Min Mat Fac Low Low Matter Collected 1702 | 242 156 147 . . 390 30 353 384 Remotely 149 | . . . . . . . . 149 Salvage Created 1540 | . 288 243 . . 501 . 362 146 Parts 85 | . 17 14 . . 29 . 15 10 Haulers Intercepted 2 | . 2 . . . . . . . Recyclers Shooed . | . . . . . . . . . Parts Field Recycled . | . . . . . . . . . Retrieved Matter . | . . . . . . . . . Parts Self-Destructed 26 | . . . . . . . 15 11 Prevented . | . . . . . . . . . Kills | -11 -10 -10 -10 -9 -8 -7 -7 -7 ------- Run | Yrd Mat Min Exi Min Mat Fac Low Low Combat Hostiles Destroyed 48 | . 7 13 . . 11 . 11 6 Melee 1 | . . . . . . . . 1 Guns 20 | . 4 9 . . 2 . 4 1 Cannons 27 | . 3 4 . . 9 . 7 4 Classes Destroyed 9 | . 4 . . . 3 . 1 1 Hauler 2 | . 2 . . . . . . . Operator 2 | . . . . . 2 . . . Watcher 3 | . 2 . . . 1 . . . Swarmer 18 | . 3 9 . . . . 3 3 Grunt 21 | . 4 4 . . 7 . 6 . Brawler 1 | . . . . . . . . 1 Duelist 2 | . . . . . 1 . . 1 Sentry 4 | . . . . . 3 . 1 . Programmer 2 | . . . . . . . 1 1 Best Kill Streak 7 | . 5 5 . . 6 . 7 3 Combat Bots Only 7 | . 5 5 . . 3 . 7 3 Max Kills in Single Turn 1 | . 1 1 . . 1 . 1 1 Gunslinging . | . . . . . . . . . Exploded . | . . . . . . . . . Melee 1 | . . . . . . . . 1 Uniques/NPCs Destroyed . | . . . . . . . . . Combat | -11 -10 -10 -10 -9 -8 -7 -7 -7 -------- Run | Yrd Mat Min Exi Min Mat Fac Low Low Hostile Shots Fired 348 | . 20 55 . . 41 . 63 169 Missed 108 | . 5 13 . . 17 . 31 42 Damage Taken 3303 | . 131 335 . . 363 . 331 2143 Core 832 | . 32 62 . . 33 . 61 644 Absorbed by Shields . | . . . . . . . . . Ignored by Resistances 945 | . 37 107 . . 102 . 99 600 Core Remaining (%) 85 | 100 . . . 62 94 . . . Volleys Fired 158 | . 22 27 . . 43 . 35 31 Largest 2 | . 2 2 . . 2 . 2 2 Hottest 85 | . 85 85 . . 84 . 73 73 Shots Fired 296 | . 43 54 . . 76 . 70 53 Gun 144 | . 21 27 . . 39 . 35 22 Cannon 152 | . 22 27 . . 37 . 35 31 Launcher . | . . . . . . . . . Special . | . . . . . . . . . Kinetic 240 | . 22 27 . . 68 . 70 53 Thermal 56 | . 21 27 . . 8 . . . Explosive . | . . . . . . . . . Electromagnetic . | . . . . . . . . . Robot Hit Streak 27 | . 8 12 . . 27 . 15 14 Robot Miss Streak 2 | . 1 2 . . 2 . 2 1 Penetration Max . | . . . . . . . . . Secondary Targets . | . . . . . . . . . Shots Hit Robots 238 | . 30 34 . . 63 . 56 55 Core Hits 102 | . 15 18 . . 29 . 19 21 Critical Kills . | . . . . . . . . . Critical Parts Destroyed . | . . . . . . . . . Critical Strikes 9 | . 2 1 . . . . 1 5 Burn 1 | . 1 . . . . . . . Blast 5 | . 1 1 . . . . 1 2 Sever 3 | . . . . . . . . 3 Melee Attacks 8 | . . . . . . . . 8 Impact . | . . . . . . . . . Slashing 8 | . . . . . . . . 8 Piercing . | . . . . . . . . . Sneak Attacks . | . . . . . . . . . Combat Hostiles . | . . . . . . . . . Follow-up Attacks . | . . . . . . . . . Damage Inflicted 4720 | . 469 571 . . 1051 . 1289 1340 Guns 1784 | . 199 251 . . 442 . 522 370 Cannons 2653 | . 270 265 . . 609 . 767 742 Explosions 55 | . . 55 . . . . . . Melee 228 | . . . . . . . . 228 Ramming . | . . . . . . . . . Kinetic 3822 | . 270 265 . . 886 . 1289 1112 Thermal 670 | . 199 306 . . 165 . . . Explosive . | . . . . . . . . . Electromagnetic . | . . . . . . . . . Impact . | . . . . . . . . . Slashing 228 | . . . . . . . . 228 Piercing . | . . . . . . . . . Highest Corruption 8 | . . . . . . . 1 8 Average Corruption 2 | . . . . . . . 1 2 Corruption Purged 4 | . . . . . . . . 4 Corruption Blocked . | . . . . . . . . . Effects 4 | . . . . . . . 2 2 Message Errors 1 | . . . . . . . 1 . Matter Fused 1 | . . . . . . . . 1 Heat Flow Errors 1 | . . . . . . . 1 . Data Loss (minor) 1 | . . . . . . . . 1 Overload Shots . | . . . . . . . . . Overflow Damage 39 | . . . . . 20 . 14 5 Projectiles 39 | . . . . . 20 . 14 5 Explosions . | . . . . . . . . . Melee . | . . . . . . . . . Knockbacks 19 | . . 1 . . 7 . 3 8 Impact . | . . . . . . . . . Kinetic 17 | . . 1 . . 7 . 3 6 Secondary 2 | . . . . . . . . 2 Self-Inflicted Damage . | . . . . . . . . . Shots . | . . . . . . . . . Rammed . | . . . . . . . . . Targets Rammed . | . . . . . . . . . Kicked . | . . . . . . . . . Crushed . | . . . . . . . . . Highest Temperature 344 | . 132 344 . . 304 . 279 69 Average Temperature 91 | . 49 134 . . 141 . 27 26 Received Heat Transfer 1101 | . 63 165 . . 189 . 162 522 Effects 6 | . . 1 . . 5 . . . Energy Bleed 1 | . . 1 . . . . . . Interference 5 | . . . . . 5 . . . Siege Activations . | . . . . . . . . . Robots Corrupted . | . . . . . . . . . Combat Hostiles . | . . . . . . . . . Parts Fried . | . . . . . . . . . Impact Corruptions . | . . . . . . . . . Robots Melted . | . . . . . . . . . Combat Hostiles . | . . . . . . . . . Parts Melted 2 | . . 1 . . 1 . . . Heat Transferred 1752 | . 666 790 . . 296 . . . Parts Sabotaged . | . . . . . . . . . Parts Stolen . | . . . . . . . . . Parts Stripped . | . . . . . . . . . Power Chain Reactions . | . . . . . . . . . Alert | -11 -10 -10 -10 -9 -8 -7 -7 -7 ------- Run | Yrd Mat Min Exi Min Mat Fac Low Low Peak Influence 273 | . 164 236 . . 273 48 . . Initial 45 | . . 16 . . . 45 . . Average 97 | . 37 133 . . 154 46 . . Maximum Alert Level 1 | . . 1 . . 1 . . . Low Security (%) 80 | 100 100 76 . 100 53 100 . . Level 1 19 | . . 23 . . 46 . . . Level 2 . | . . . . . . . . . Level 3 . | . . . . . . . . . Level 4 . | . . . . . . . . . Level 5 . | . . . . . . . . . High Security . | . . . . . . . . . Max Security . | . . . . . . . . . Squads Dispatched 4 | . . . . . 3 . . 1 Investigation . | . . . . . . . . . Extermination . | . . . . . . . . . Reinforcement 1 | . . . . . 1 . . . Assault 1 | . . . . . . . . 1 Garrison 2 | . . . . . 2 . . . Intercept . | . . . . . . . . . Searches Triggered . | . . . . . . . . . Construction Impeded . | . . . . . . . . . Haulers Reinforced . | . . . . . . . . . Active Scanning Responses . | . . . . . . . . . Cargo Convoy Interrupts . | . . . . . . . . . Stealth | -11 -10 -10 -10 -9 -8 -7 -7 -7 --------- Run | Yrd Mat Min Exi Min Mat Fac Low Low Distress Signals 1 | . . . . . 1 . . . Communications Jammed . | . . . . . . . . . Distress Signals . | . . . . . . . . . Times Spotted 73 | . 9 14 . . 12 . 12 26 Peak Tracking Total 14 | . 3 3 . . 3 . 4 14 Tactical Retreats 10 | . 1 1 . . . . 2 6 Traps | -11 -10 -10 -10 -9 -8 -7 -7 -7 ------- Run | Yrd Mat Min Exi Min Mat Fac Low Low Traps Triggered . | . . . . . . . . . Indirectly . | . . . . . . . . . Trap Hack Attempts . | . . . . . . . . . Triggered . | . . . . . . . . . Disarmed . | . . . . . . . . . Reprogrammed . | . . . . . . . . . Reused . | . . . . . . . . . Traps Extracted . | . . . . . . . . . Installed . | . . . . . . . . . Triggered 1 | . . . . . . . 1 . Machines | -11 -10 -10 -10 -9 -8 -7 -7 -7 ---------- Run | Yrd Mat Min Exi Min Mat Fac Low Low Machines Disabled 1 | . . 1 . . . . . . Max in Single Turn 1 | . . 1 . . . . . . Garrison Access 1 | . . . . . 1 . . . Machines Repaired . | . . . . . . . . . Machines Dismantled . | . . . . . . . . . Machines Sabotaged . | . . . . . . . . . Overloaded Fab Kills . | . . . . . . . . . Hacking | -11 -10 -10 -10 -9 -8 -7 -7 -7 --------- Run | Yrd Mat Min Exi Min Mat Fac Low Low Machines Accessed 7 | . 1 1 1 . 2 2 . . Terminals 4 | . . 1 . . 1 2 . . Fabricators . | . . . . . . . . . Repair Stations . | . . . . . . . . . Recycling Units 1 | . 1 . . . . . . . Scanalyzers . | . . . . . . . . . Garrison Access 1 | . . . . . 1 . . . Total Hacks 11 | . 1 1 1 . 3 5 . . Successful 6 | . 1 1 1 . 1 2 . . Failed 5 | . . . . . 2 3 . . Catastrophic 1 | . . . . . . 1 . . Database Lockouts . | . . . . . . . . . Manual 8 | . . 1 1 . 2 4 . . Terminals 8 | . . 1 . . 2 5 . . Fabricators . | . . . . . . . . . Repair Stations . | . . . . . . . . . Recycling Units 1 | . 1 . . . . . . . Scanalyzers . | . . . . . . . . . Garrison Access 1 | . . . . . 1 . . . Terminal Hacks 4 | . . 1 1 . . 2 . . Part Schematic 2 | . . 1 . . . 1 . . Open DSF 1 | . . . . . . 1 . . Derelict Proto ID Bank 1 | . . . 1 . . . . . Fabricator Hacks . | . . . . . . . . . Repair Station Hacks . | . . . . . . . . . Recycling Unit Hacks 1 | . 1 . . . . . . . Report Inventory 1 | . 1 . . . . . . . Scanalyzer . | . . . . . . . . . Garrison Access Hacks 1 | . . . . . 1 . . . Seal Access 1 | . . . . . 1 . . . Unauthorized Hacks . | . . . . . . . . . Terminals . | . . . . . . . . . Fabricators . | . . . . . . . . . Repair Stations . | . . . . . . . . . Recycling Units . | . . . . . . . . . Scanalyzers . | . . . . . . . . . Garrison Access . | . . . . . . . . . Data Cores Recovered 1 | . . . . . 1 . . . Used . | . . . . . . . . . Hacking Detections 3 | . . 1 . . 1 1 . . Full Trace Events . | . . . . . . . . . Feedback Events . | . . . . . . . . . Feedback Blocked . | . . . . . . . . . Robot Schematics Acquired . | . . . . . . . . . Robots Built . | . . . . . . . . . Authchips . | . . . . . . . . . Time . | . . . . . . . . . Total Robot Build Rating . | . . . . . . . . . Part Schematics Acquired 2 | . . 1 . . . 1 . . Parts Built . | . . . . . . . . . Authchips . | . . . . . . . . . Time . | . . . . . . . . . Total Part Build Rating . | . . . . . . . . . Parts Repaired . | . . . . . . . . . Time . | . . . . . . . . . Parts Recycled . | . . . . . . . . . Recycled Matter . | . . . . . . . . . Retrieved Matter . | . . . . . . . . . Retrieved Components . | . . . . . . . . . Parts Scanalyzed . | . . . . . . . . . Part Schematics Acquired . | . . . . . . . . . Parts Damaged . | . . . . . . . . . Bothacking | -11 -10 -10 -10 -9 -8 -7 -7 -7 ------------ Run | Yrd Mat Min Exi Min Mat Fac Low Low Used RIF Installer . | . . . . . . . . . Robots Hacked . | . . . . . . . . . Non-combat . | . . . . . . . . . Combat . | . . . . . . . . . Robot Hacks Applied . | . . . . . . . . . Relay Couplers Released . | . . . . . . . . . Fabnet Peak Effective % . | . . . . . . . . . Robots Rewired . | . . . . . . . . . Allies Hacked . | . . . . . . . . . Hacks Repelled . | . . . . . . . . . Allies | -11 -10 -10 -10 -9 -8 -7 -7 -7 -------- Run | Yrd Mat Min Exi Min Mat Fac Low Low Total Allies 2 | . . . . 2 . . . . Largest Group 2 | . . . . 2 2 . . . Highest-Rated Group 38 | . . . . 38 38 . . . Highest-Rated Ally 31 | . . . . 31 31 . . . Total Orders . | . . . . . . . . . Ally Attacks 7 | . . . . . 7 . . . Total Damage 62 | . . . . . 62 . . . Kills . | . . . . . . . . . Allies Corrupted . | . . . . . . . . . Allies Melted . | . . . . . . . . . Intel | -11 -10 -10 -10 -9 -8 -7 -7 -7 ------- Run | Yrd Mat Min Exi Min Mat Fac Low Low Robot Analysis Total . | . . . . . . . . . Derelict Logs Recovered 5 | . . 2 . . . . 2 1 Drone Launches . | . . . . . . . . . Drone Recoveries . | . . . . . . . . . Exploration | -11 -10 -10 -10 -9 -8 -7 -7 -7 ------------- Run | Yrd Mat Min Exi Min Mat Fac Low Low Turns Passed 2632 | 55 559 503 426 19 437 62 333 238 Spaces Moved 2572 | 38 380 339 347 12 507 135 585 229 Core 12 | 5 . . . . . . . 7 Treads . | . . . . . . . . . Legs 1127 | 33 380 339 347 12 5 . . 11 Wheels . | . . . . . . . . . Hover . | . . . . . . . . . Flight 1433 | . . . . . 502 135 585 211 Fastest Speed 39 | 50 120 120 120 120 50 39 39 39 Average Speed 77 | 110 120 120 120 120 50 39 39 53 Slowest Speed 500 | 120 120 190 120 120 120 39 39 500 Overloaded Moves . | . . . . . . . . . Propulsion Burnouts . | . . . . . . . . . Robots Hopped 4 | . . . . . 2 1 . 1 Cave-ins Triggered . | . . . . . . . . . Exploration Rate (%) 45 | 3 68 71 87 7 47 3 80 42 Regions Visited 8 Branch Regions 5 Pre-discovered Areas 1 | . . . . . . . 1 . Known Exits Taken . | . . . . . . . . . Unknown Exits Taken 8 | 1 1 1 1 1 1 1 1 . Scrap Searched 6 | . . . . . . . 3 3 Spaces Dug . | . . . . . . . . . Terrain Destroyed 24 | . . 19 . . . . 4 1 Melee . | . . . . . . . . . Projectile 5 | . . . . . . . 4 1 AOE 19 | . . 19 . . . . . . Terrain Rammed . | . . . . . . . . . Walls Destroyed . | . . . . . . . . . Machines Disabled . | . . . . . . . . . Actions | -11 -10 -10 -10 -9 -8 -7 -7 -7 --------- Run | Yrd Mat Min Exi Min Mat Fac Low Low Total 2926 | 51 440 383 358 16 617 143 633 285 Wait 54 | . 17 8 . 5 19 . 5 . Move 2556 | 37 379 338 346 11 502 132 584 227 Hop 4 | . . . . . 2 1 . 1 Pick Up 53 | 8 12 1 3 . 18 4 2 5 Fast Attach 8 | . . . . . 5 1 2 . Attach 26 | 6 1 . 1 . 4 2 . 12 Detach . | . . . . . . . . . Swap 16 | . 4 4 2 . 4 . 1 1 Drop 43 | . 5 5 6 . 20 3 4 . Fire 158 | . 22 27 . . 43 . 35 31 Melee 8 | . . . . . . . . 8 Ram . | . . . . . . . . . Kick . | . . . . . . . . . Crush . | . . . . . . . . . Escape Stasis . | . . . . . . . . . Rewire . | . . . . . . . . . Trap . | . . . . . . . . . Miscellaneous . | . . . . . . . . . Route ------- -11/Scrapyard -10/Materials -10/Mines (discovered 2 exits: [*Mat] / *Exi) -10/Exiles -9/Mines -8/Materials -7/Factory (discovered 2 exits: [*Low] / DSF) -7/Lower Caves -7/Lower Caves (discovered 1 exit: [*Fac]) History --------- Turn | Location | Event 4 | -11/Scrapyard | Discovered new exit (range 15) 56 | -11/Scrapyard | Entered Materials 312 | -10/Materials | Build established: Mutant 536 | -10/Materials | Discovered new exit (range 8) 615 | -10/Materials | Entered Mines 618 | -10/Mines | Met a Derelict bent on vengeance 960 | -10/Mines | Discovered new exit (range 7) 970 | -10/Mines | Learned 4 Materials zone layouts 974 | -10/Mines | Learned Materials stockpile data 1112 | -10/Mines | Deemed a non-threat by the Exiles lab entrance 1113 | -10/Mines | Discovered new exit (range 5) 1118 | -10/Mines | Entered Exiles 1148 | -10/Exiles | Met 8R-AWN 1168 | -10/Exiles | Met EX-HEX 1206 | -10/Exiles | Met EX-BIN 1219 | -10/Exiles | Aligned with FarCom system 1220 | -10/Exiles | Given EX-Vault access code 1248 | -10/Exiles | Opened EX-Vault 1268 | -10/Exiles | Found Flying Fortress v7 1293 | -10/Exiles | Warned to stay clear of 0b10 Research branches 1326 | -10/Exiles | Met EX-DEC 1366 | -10/Exiles | Visited The Gauntlet 1532 | -10/Exiles | Discovered new exit (range 12) 1544 | -10/Exiles | Left Exiles lab with Flying Fortress v7 1544 | -10/Exiles | Entered Mines 1546 | -9/Mines | Discovered new exit (range 11) 1563 | -9/Mines | Entered Materials 1563 | -8/Materials | Accompanied by 2 allies 1563 | -8/Materials | Evolved 4 slots: Power x1, Propulsion x2, Utility x1 1570 | -8/Materials | Led the pair of lost Derelicts to an unsafe place 1643 | -8/Materials | Garrison activated, responded to threat 1986 | -8/Materials | Discovered new exit (range 9) 2000 | -8/Materials | Entered Factory 2000 | -7/Factory | Evolved 2 slots: Propulsion x1, Utility x1 2041 | -7/Factory | Identified exit to DSF 2043 | -7/Factory | Discovered new exit (range 8) 2062 | -7/Factory | Entered Lower Caves 2090 | -7/Lower Caves | Attracted the attention of an 0b10 checkpoint 2121 | -7/Lower Caves | Encountered a Warlord checkpoint 2124 | -7/Lower Caves | Learned Factory emergency access door positions 2219 | -7/Lower Caves | Destroyed 7 combat bots 2282 | -7/Lower Caves | Build established: Hacker-Mutant 2392 | -7/Lower Caves | Discovered new exit (range 7) 2395 | -7/Lower Caves | Entered another Lower Caves area 2442 | -7/Lower Caves | Learned Factory interactive machine intel 2508 | -7/Lower Caves | Discovered new exit (range 10) 2514 | -7/Lower Caves | Attracted the attention of an 0b10 outpost 2577 | -7/Lower Caves | Core integrity fell below 50% 2599 | -7/Lower Caves | Lost 12 parts (3p3n4u2w) 2627 | -7/Lower Caves | Core integrity fell below 20% 2633 | -7/Lower Caves | Destroyed by S-27 Virus with Autogun Last Messages --------------- Acquired 10 matter. Acquired 7 matter. Acquired 2 matter. Acquired 1 matter. L-41 Fighter destroyed. L-41 Fighter Carbon-fiber Leg severed. Hacking Suite destroyed. Hpw. Tractor Beam destroyed. Carbon-fiber Leg destroyed. L-41 Fighter Imp. Deuterium Engine severed. L-41 Fighter destroyed. Great Axe destroyed. Carbon-fiber Leg fries itself beyond repair. Rnf. Deuterium Engine destroyed. Sml. Storage Unit destroyed. System corrupted by crushing effect (+1). Microactuators fries itself beyond repair. Acquired Axe. Adv. ECM Suite destroyed. Critical hit (Burn: +37). Map ----- +----------------------------------------------------+ | ??# ##??????????????????## """""" " #? | | ### ####???????????????# " "" "" ## | | ##??????????????# " " """" | | ??# ########???????## " " | | ??## ## #????????#### " ### | | ???## ######### ############# | | ????# #???????# ## ## ! | | ????# #???????# # ## ### | | ????# #???????######### # ### ### | | ????# #???????????????# ## ### | | ????# #???????????????# ###### | | ????# #???????????????# #????## ## | | ????# #???????????????# #?????# ## #### | | ????# #???????????????# #?????# ####### #??# " | | ????# ########????????# #??#### #?????###??## % | | ????# #????????# #### ## #??#####?#### # | | ????######### #????????# ## %#### ### %! # | | ????????????# #????????# ## / # | | ???????????## #????????# ## % #### | | ??????????## ######???# ###### ######??? | | ??????????# #???# #????##### ##???????? | | ??????????# #???# #????????## ##??###???? | | ??????????# ##" #???# ##?????##### ##### ##### | | ?????????# #### #???####?????# [[ | | ??????? ##??# #?### ####??# ####### %/ | | ??????### ????# ### @ g##?# ???????# ##### | | ????????####????# ## b*### %[#????# #???? | | ????????????????# !%s % ???# ??? | | ????????????????# % gs ??# ?# | | ????????????????## < # $b?# | | ?????????????????## ##### ## #????# ####### | | ??????????????????###???#####?### ##????# #?????? | | ????????????????????????????????? ???? ??????? | | ??????????????????????????????????####???##??????? | | ?????????????????????????????????????????????????? | | ?????????????????????????????????????????????????? | | ?????????????????????????????????????????????????? | | ?????????????????????????????????????????????????? | | ?????????????????????????????????????????????????? | | ?????????????????????????????????????????????????? | | ?????????????????????????????????????????????????? | | ?????????????????????????????????????????????????? | | ?????????????????????????????????????????????????? | | ?????????????????????????????????????????????????? | | ?????????????????????????????????????????????????? | | ?????????????????????????????????????????????????? | | ?????????????????????????????????????????????????? | | ?????????????????????????????????????????????????? | | ?????????????????????????????????????????????????? | | ?????????????????????????????????????????????????? | +----------------------------------------------------+ Best States ------------- Heat Dissipation 48 Energy Generation 29 Energy Capacity 340 Matter Stores 300 Matter Capacity 300 Sight Range 16 Robot Scan Range 14 Terrain Scan Density 10 ECM Strength 2 Armor Coverage 150 Resistance: KI 20 Resistance: TH 20 Resistance: EX 20 Resistance: EM 20 Resistance: I 20 Resistance: S 20 Resistance: P 20 Evasion (%) 62 Targeting Accuracy 5 Recoil Reduction 4 Offensive Hacking 20 Item Schematics ----------------- Mining Claw | -10/Mines | Hacked VTOL Module | -7/Factory | Hacked Robot Schematics ------------------ None Fabricated ------------ Nothing Alien Tech Used ----------------- None Achievements -------------- None Challenges ------------ None Game ------ Seed LatentProjectionInterpreter Manual? 0 Play Time 00:33:01 Cumulative 21.6 hours Start 2024.08.11 @ 19:43:44 End 2024.08.11 @ 20:18:48 Sessions 1 Manual Loads 0 Difficulty Adventurer Special Mode None Game No. 25 Rogue 13 Adventurer 12 Explorer 0 Win Type - Total 0 Types 0/0/0/0/0/0/0/0/0 Lore% 23 Gallery% 27 Achievement% 27 Wizard Run 0 Options --------- Layout 1 ASCII 0 Keyboard 0 Movement Mouse Keybinds 0 Fullscreen 1 Font 24/Smallcaps Map View 50x35 Zoom Use 0% Tactical HUD 0 Map Filters NONE Filters NONE Steam 1 RUN: 35408796-6b72-47e2-b054-8d948a58172b